 Dungeon Crawl Stone Soup version 0.30.1-4-g462c640d31 (webtiles) character file.

Game seed: 17255678250047092151

1901 cowcol the Cleaver (level 8, -2/71 HPs)
             Began as a Minotaur Fighter on Aug 27, 2023.
             Was a Believer of Okawaru.
             Slain by a skeletal warrior
             ... wielding a +0 glaive
              (7 damage)
             ... on level 7 of the Dungeon.
             The game lasted 00:21:06 (6816 turns).

cowcol the Cleaver (Minotaur Fighter)               Turns: 6816, Time: 00:21:06

Health: -2/71      AC: 17    Str: 23    XL:     8   Next: 94%
Magic:  7/7        EV:  8    Int:  5    God:    Okawaru [**....]
Gold:   404        SH:  5    Dex: 10    Spells: 7/7 levels left

rFire   + . .        a - +0 war axe
rCold   . . .        c - +0 buckler
rNeg    . . .        o - +2 chain mail {rF+}
rPois   .            (helmet restricted)
rElec   +            (no cloak)
rCorr   .            p - +1 pair of gloves
SInv    .            (no boots)
Will    .....        x - amulet of regeneration Stlth
                     (no ring)
HPRegen 1.11/turn    (no ring)
MPRegen 0.10/turn

%: no passive effects
@: no status effects
A: horns 2, retaliatory headbutt, talons 1, iridescent scales 1, electricity
resistance, wild magic 1
a: Renounce Religion, Heroism


You were on level 7 of the Dungeon.
You worshipped Okawaru.
Okawaru was pleased with you.
You visited 1 branch of the dungeon, and saw 7 of its levels.

You collected 404 gold pieces.

Inventory:

Hand Weapons
 a - a +0 war axe (weapon)
Missiles
 g - 12 poisoned darts
 s - 2 boomerangs (quivered)
 y - a throwing net
Armour
 b - a +0 scale mail
 c - a +0 buckler (worn)
 h - +0 shadow dragon scales
 o - a +2 chain mail of fire resistance (worn)
 p - a +1 pair of gloves (worn)
Jewellery
 t - a ring of magical power
 x - an amulet of regeneration (around neck)
Wands
 q - a wand of charming (12)
 w - a wand of quicksilver (14)
 B - a wand of digging (8)
Scrolls
 d - 2 scrolls of vulnerability
 e - 2 scrolls of teleportation
 f - a scroll of blinking
 u - 2 scrolls of poison
 v - a scroll of magic mapping {unknown}
 z - a scroll of fog
 A - a scroll of enchant weapon {unknown}
Potions
 i - 2 potions of brilliance
 j - 6 potions of curing
 l - a potion of haste {unknown}
 m - a potion of might
 n - 2 potions of cancellation


   Skills:
 + Level 6.5 Fighting
 + Level 9.7 Axes
 - Level 2.0 Throwing
 + Level 8.2 Armour
 + Level 5.1 Shields


You had 7 spell levels left.
You didn't know any spells.
Your spell library contained the following spells:

 Spells                   Type           Power      Damage    Failure   Level
 Sting                    Tmut/Pois      0%         1d3       98%         1
 Ensorcelled Hibernation  Hex/Ice        0%         N/A       99%         2
 Passwall                 Tmut/Erth      0%         N/A       99%         2
 Poisonous Vapours        Pois/Air       0%         N/A       99%         2
 Scorch                   Fire           0%         2d5       99%         2
 Sublimation of Blood     Necr           0%         N/A       99%         2
 Wereblood                Tmut           0%         N/A       99%         2
 Frozen Ramparts          Ice            0%         1d1       100%        3
 Swiftness                Air            0%         N/A       100%        3
 Flame Wave               Conj/Fire      0%         2d4       100%        4
 Ice Form                 Ice/Tmut       0%         N/A       100%        4
 Olgreb's Toxic Radiance  Pois           0%         N/A       100%        4
 Summon Small Mammal      Summ           Unusable   N/A       N/A         1
 Call Canine Familiar     Summ           Unusable   N/A       N/A         3
 Summon Guardian Golem    Hex/Summ       Unusable   N/A       N/A         3
 Summon Ice Beast         Ice/Summ       Unusable   N/A       N/A         4
 Summon Cactus Giant      Summ           Unusable   N/A       N/A         6
 Summon Hydra             Summ           Unusable   N/A       N/A         7

Dungeon Overview and Level Annotations

Branches:
Dungeon (7/15)             Temple (0/1) D:5

Altars:
Cheibriados
Elyvilon
Fedhas
Gozag
Kikubaaqudgha
Okawaru
Sif Muna
Wu Jian
Xom

Annotations:
D:7 3 runed translucent doors, hilljack's ghost, novice GrIE


Innate Abilities, Weirdness & Mutations

You have a pair of horns on your head.
You reflexively headbutt those who attack you in melee.
You have sharp toenails.
You are partially covered in iridescent scales. (AC +2)
You are resistant to electric shocks. (rElec)
Your spells are a little harder to cast, but a little more powerful.


Message History

Aim: a skeletal warrior, wielding a +0 glaive (60% to hit)
You throw a boomerang.
The boomerang hits the skeletal warrior.
The skeletal warrior is lightly damaged.
Throw: 2 boomerangs
Press: ? - help, Q - select action, (/) - cycle Shift-Dir - straight line, f - ogre
Aim: an ogre, wielding a +0 giant club (75% to hit)
You throw a boomerang. The boomerang hits the ogre!
The ogre is moderately wounded.
Throw: 2 boomerangs
Press: ? - help, Q - select action, (/) - cycle Shift-Dir - straight line, f - skeletal warrior
Aim: a skeletal warrior, wielding a +0 glaive (60% to hit)
You throw a boomerang.
The boomerang hits the skeletal warrior but does no damage.
The skeletal warrior hits you with a +0 glaive!!
A skeletal warrior comes into view. It is wielding a +0 glaive.
You hit the skeletal warrior but do no damage.
You headbutt the skeletal warrior, but do no damage.
The skeletal warrior hits you with a +0 glaive!!
You completely miss the skeletal warrior.
You headbutt the skeletal warrior!
The skeletal warrior is lightly damaged.
You slash the ogre!
The skeletal warrior hits you but does no damage.
The ogre hits you with a +0 giant club!
* * * LOW HITPOINT WARNING * * *
You closely miss the skeletal warrior.
You headbutt the skeletal warrior, but do no damage.
The skeletal warrior is lightly damaged.
You hit the ogre but do no damage.
The skeletal warrior hits you with a +0 glaive.
* * * LOW HITPOINT WARNING * * *
The ogre closely misses you.
As you read the scroll of fear, it crumbles to dust.
You assume a fearsome visage.
The skeletal warrior is unaffected. x2
The ogre looks frightened!
The skeletal warrior hits you with a +0 glaive.
* * * LOW HITPOINT WARNING * * *
The skeletal warrior hits you from afar with a +0 glaive!
You die...

##..........##
##............##
#..............#
#..............#
#..............# #.
#..........>...# ..
#..............# .. ##
##............##.# .##
##รท.........@##..#.#
..###..######.###.z....#
#......##.........O..###
####.#....###(##.#####
..............##.#
........####.....#####
#.#..##..............#
#.##..#.....#.......######
#.###...#...................


You could see a skeletal warrior and an ogre (fleeing).

Vanquished Creatures
  Grinder (D:4)
  Menkaure (D:7)
  An orc warrior (D:7)
  2 sky beasts
  An ogre (D:6)
  A centaur (D:7)
  A kobold brigand (D:7)
  2 bullfrogs
  4 scorpions
  A howler monkey (D:3)
  A hound (D:7)
  An orc priest (D:6)
  A gnoll bouda (D:6)
  3 sleepcaps (D:6)
  Terence (D:2)
  Natasha (thrice) (D:2)
  5 iguanas
  3 orc wizards (D:6)
  7 gnolls
  5 adders
  A white imp (D:5)
  4 worms
  12 orcs
  6 ball pythons
  6 endoplasms
  5 giant cockroaches
  6 hobgoblins
  4 quokkas
  8 bats
  3 frilled lizards (D:1)
  8 goblins
  13 kobolds
  3 rats
124 creatures vanquished.

Vanquished Creatures (others)
  A human (D:7)
1 creature vanquished.

Grand Total: 125 creatures vanquished

Notes
Turn   | Place    | Note
-------+----------+-------------------------------------------
     0 | D:1      | cowcol the Minotaur Fighter began the quest for the Orb.
     0 | D:1      | Reached XP level 1. HP: 19/19 MP: 0/0
   318 | D:1      | Reached XP level 2. HP: 27/27 MP: 1/1
   596 | D:1      | Found a faded altar of an unknown god.
   596 | D:1      | Noticed a great orb of eyes
   601 | D:1      | Noticed a golden eye
   605 | D:1      | Noticed an eye of devastation
   605 | D:1      | Noticed a shining eye
   999 | D:2      | Reached skill level 3 in Axes
   999 | D:2      | Reached XP level 3. HP: 33/33 MP: 2/2
  1042 | D:2      | Noticed Terence
  1047 | D:2      | Killed Terence
  1244 | D:2      | Reached XP level 4. HP: 40/41 MP: 3/3
  1422 | D:2      | Noticed Natasha
  1434 | D:2      | Killed Natasha
  1609 | D:2      | Noticed Natasha
  1610 | D:2      | Killed Natasha
  1611 | D:2      | Reached skill level 4 in Axes
  1835 | D:2      | Noticed Natasha
  1840 | D:2      | Killed Natasha
  1841 | D:2      | Reached XP level 5. HP: 46/47 MP: 4/4
  2440 | D:3      | Found a snail-covered altar of Cheibriados.
  2440 | D:3      | Found a shimmering altar of Xom.
  2440 | D:3      | Found a white marble altar of Elyvilon.
  2441 | D:3      | Found an ornate altar of the Wu Jian Council.
  2515 | D:3      | Reached skill level 5 in Armour
  3272 | D:4      | Noticed Grinder
  3297 | D:4      | Paralysed by Grinder for 5 turns
  3323 | D:4      | Paralysed by Grinder for 4 turns
  3329 | D:4      | Paralysed by Grinder for 4 turns
  3336 | D:4      | Killed Grinder
  3337 | D:4      | Reached skill level 5 in Axes
  3337 | D:4      | Reached skill level 1 in Throwing
  3337 | D:4      | Reached XP level 6. HP: 53/53 MP: 5/5
  3689 | D:4      | Reached skill level 6 in Axes
  3812 | D:4      | Found a blossoming altar of Fedhas.
  4122 | D:4      | Gained mutation: Your mind is acute. (Int +4, Str/Dex -1)
                  | [potion of mutation]
  4122 | D:4      | Gained mutation: Your mind is very acute. (Int +8, Str/Dex
                  | -2) [potion of mutation]
  4126 | D:4      | Lost mutation: Your mind is very acute. (Int +8, Str/Dex
                  | -2) [potion of mutation]
  4126 | D:4      | Lost mutation: Your mind is acute. (Int +4, Str/Dex -1)
                  | [potion of mutation]
  4126 | D:4      | Gained mutation: Your spells are a little harder to cast,
                  | but a little more powerful. [potion of mutation]
  4126 | D:4      | Gained mutation: You are partially covered in iridescent
                  | scales. (AC +2) [potion of mutation]
  4126 | D:4      | Gained mutation: You are resistant to electric shocks.
                  | (rElec) [potion of mutation]
  4126 | D:4      | Gained mutation: You have sharp toenails. [potion of
                  | mutation]
  4179 | D:5      | Entered Level 5 of the Dungeon
  4218 | D:5      | Reached XP level 7. HP: 60/60 MP: 6/6
  4419 | D:5      | Reached skill level 5 in Fighting
  4483 | D:5      | Found an iron altar of Okawaru.
  4491 | D:5      | Became a worshipper of Warmaster Okawaru
  4806 | D:5      | Found a staircase to the Ecumenical Temple.
  5482 | D:6      | Found an opulent altar of Gozag.
  5737 | D:6      | Reached skill level 7 in Axes
  5782 | D:6      | Reached * piety under Okawaru
  5859 | D:6      | Reached XP level 8. HP: 50/70 MP: 7/7
  6098 | D:6      | Found a shimmering blue altar of Sif Muna.
  6179 | D:6      | Reached skill level 8 in Axes
  6285 | D:7      | Noticed hilljack's ghost (novice GrIE)
  6293 | D:7      | Found an ancient bone altar of Kikubaaqudgha.
  6314 | D:7      | Found a runed translucent gate.
  6314 | D:7      | Found a runed translucent gate.
  6323 | D:7      | Found a runed translucent gate.
  6336 | D:7      | Reached skill level 9 in Axes
  6336 | D:7      | Reached ** piety under Okawaru
  6337 | D:7      | Reached skill level 5 in Shields
  6557 | D:7      | Noticed Menkaure
  6564 | D:7      | Killed Menkaure
  6805 | D:7      | Noticed a skeletal warrior
  6811 | D:7      | Noticed a skeletal warrior
  6815 | D:7      | HP: 3/71 [skeletal warrior/+0 glaive (6)]
  6816 | D:7      | Slain by a skeletal warrior

Illustrated notes

Levels and vault maps discovered:
D:1:      dpeg_arrival_pits, layout_basic,
          hellmonk_ecumenical_altar_watching_god,
          wander_ebering_terrifying_dragon_lair
D:2:      layout_basic, uniq_natasha, uniq_terence
D:3:      layout_basic, chequers_temple_overflow_statue_of_worship,
          minmay_goblin_kobold_house
D:4:      layout_basic, mainiacjoe_overflow_paths, uniq_grinder
D:5:      layout_basic, kennysheep_okawaru_gauntlet,
          minmay_temple_entry_stoned_glass
D:6:      layout_loops_ring, nicolae_gozag_seed_capital, lemuel_blue_sif_altar
D:7:      layout_rooms, tgw_kikubaaqudgha, gammafunk_ghost_split, uniq_menkaure

Skill      XL: |  1  2  3  4  5  6  7  8 |
---------------+-------------------------+-----
Fighting       | 4 5 6 |  6.5
Armour         | 4 5 7 8 |  8.2
Shields        | 4 5 |  5.1
Axes           | 3 4 5 6 7 9 |  9.7
Throwing       | 1 2 |  2.0

Action                     |  1- 3 |  4- 6 |  7- 9 || total
---------------------------+-------+-------+-------++-------
  Melee: War axe           |    72 |   119 |   113 ||   304
         Headbutt          |     4 |    20 |    20 ||    44
         Kick              |       |     1 |    38 ||    39
  Throw: Dart              |       |    23 |    13 ||    36
         Boomerang         |       |       |    15 ||    15
    Use: Scroll            |     1 |     4 |     8 ||    13
         Potion            |     1 |     7 |       ||     8
 Armour: Scale mail        |    32 |    20 |       ||    52
         Chain mail        |       |    30 |    60 ||    90
  Dodge: Dodged            |    29 |    58 |    54 ||   141
  Block: Buckler           |    19 |    22 |    24 ||    65
